[Event "CCCSA IM Norm B 2019"]
[Site "Charlotte"]
[Date "2019.06.07"]
[Round "3.5"]
[White "Ynojosa Aponte, Felix Jose"]
[Black "Kumar, Nikhil"]
[Result "1-0"]
[ECO "A18"]
[WhiteElo "2386"]
[BlackElo "2257"]
[Annotator "RC"]
[PlyCount "33"]
[EventDate "2019.06.05"]
[EventType "tourn"]
[EventCountry "USA"]
[SourceTitle "playchess.com"]
[Source "ChessBase"]
[SourceQuality "1"]
[TimeControl "5400+30"]

1. c4 Nf6 2. Nc3 e6 3. e4 d5 4. e5 d4 5. exf6 dxc3 6. bxc3 Qxf6 7. d4 e5 8. Nf3 Nc6 9. d5 e4 10. Ng5 Ne5 11. Nxe4 Qg6 12. Qd4 f6 13. f4 Bf5 14. Ng3 Nd3+ 15. Kd2 c5 16. Qe3+ Kd8 17. Bxd3 1-0

[Event "CCCSA IM Norm B 2019"]
[Site "Charlotte"]
[Date "2019.06.07"]
[Round "4.4"]
[White "Lokander, Martin"]
[Black "Kumar, Nikhil"]
[Result "0-1"]
[ECO "A14"]
[WhiteElo "2429"]
[BlackElo "2257"]
[Annotator "RC"]
[PlyCount "58"]
[EventDate "2019.06.05"]
[EventType "tourn"]
[EventCountry "USA"]
[SourceTitle "playchess.com"]
[Source "ChessBase"]
[SourceQuality "1"]
[TimeControl "5400+30"]

1. c4 e6 2. g3 Nf6 3. Bg2 d5 4. Nf3 Be7 5. O-O O-O 6. d3 c5 7. d4 dxc4 8. dxc5 Bxc5 9. Qa4 Qe7 10. Qxc4 Nbd7 11. a3 Nb6 12. Qh4 e5 13. Nc3 h6 14. b4 Bd6 15. Be3 Be6 16. Nd2 Rac8 17. Nb5 Bb8 18. Bc5 Qd7 19. a4 Qxd2 20. Bxb7 Qxe2 21. Rfe1 Qc2 22. Bxc8 Rxc8 23. a5 Nbd7 24. Rac1 Qf5 25. Bxa7 Rxc1 26. Rxc1 Bxa7 27. Nxa7 Ng4 28. Rf1 Qf3 29. Nc8 g5 0-1

[Event "CCCSA IM Norm B 2019"]
[Site "Charlotte"]
[Date "2019.06.08"]
[Round "6.1"]
[White "Francisco, Richard"]
[Black "Ynojosa Aponte, Felix Jose"]
[Result "1/2-1/2"]
[ECO "B32"]
[WhiteElo "2226"]
[BlackElo "2386"]
[Annotator "ChessBase"]
[PlyCount "107"]
[EventDate "2019.06.05"]
[EventType "tourn"]
[EventCountry "USA"]
[SourceTitle "playchess.com"]
[Source "ChessBase"]
[SourceQuality "1"]
[TimeControl "5400+30"]

1. e4 c5 2. Nf3 Nc6 3. d4 cxd4 4. Nxd4 e5 5. Nb5 d6 6. N1c3 a6 7. Na3 b5 8. Nd5 Nce7 9. c4 Nxd5 10. exd5 bxc4 11. Nxc4 Be7 12. Be3 Rb8 13. Be2 f5 14. f4 exf4 15. Bxf4 Nf6 16. Bf3 O-O 17. O-O Rf7 18. Qe1 Bb7 19. Rd1 Qc7 20. b3 Bf8 21. Qg3 Rd8 22. Rfe1 Qc5+ 23. Be3 Qb5 24. Bg5 h6 25. Bxh6 Nxd5 26. Bh5 Rc7 27. Bg5 f4 28. Qg4 Bc8 29. Qh4 Nf6 30. Bg6 f3 31. gxf3 d5 32. Bf4 Rb7 33. Ne5 Bb4 34. Bd3 Bxe1 35. Rxe1 Qb4 36. Bh7+ Kf8 37. Bb1 Kg8 38. Ng6 Kf7 39. Kh1 Qc3 40. Ne5+ Kg8 41. Bh7+ Kf8 42. Ng6+ Kf7 43. Ne5+ Kf8 44. Bd3 Kg8 45. Bh7+ Kf8 46. Bb1 Kg8 47. Rg1 Rf8 48. Rc1 Qd4 49. Ng6 Re8 50. Rxc8 Qd1+ 51. Kg2 Qe2+ 52. Kg1 Qd1+ 53. Kg2 Qe2+ 54. Kg1 1/2-1/2

[Event "CCCSA IM Norm B 2019"]
[Site "Charlotte"]
[Date "2019.06.08"]
[Round "6.2"]
[White "Dukic, Zachary"]
[Black "Kumar, Nikhil"]
[Result "0-1"]
[ECO "C84"]
[WhiteElo "2224"]
[BlackElo "2257"]
[Annotator "NA"]
[PlyCount "82"]
[EventDate "2019.06.05"]
[EventType "tourn"]
[EventCountry "USA"]
[SourceTitle "playchess.com"]
[Source "ChessBase"]
[SourceQuality "1"]
[TimeControl "5400+30"]

1. e4 e5 2. Nf3 Nc6 3. Bb5 a6 4. Ba4 Nf6 5. O-O Be7 6. d3 b5 7. Bb3 O-O 8. Nc3 d6 9. a3 Bg4 10. Be3 Nd4 11. Bxd4 exd4 12. Nd5 c5 13. h3 Be6 14. Nf4 Bxb3 15. cxb3 Qd7 16. b4 Rfe8 17. a4 Bf8 18. bxc5 dxc5 19. axb5 axb5 20. Qb3 Rxa1 21. Rxa1 Nxe4 22. dxe4 c4 23. Qd1 Rxe4 24. Ne2 d3 25. Ng3 Re8 26. Nd2 Qd4 27. Qf3 Qxb2 28. Ra7 Qf6 29. Nf5 Qg6 30. Ne4 Kh8 31. h4 h6 32. Rc7 Qe6 33. Neg3 d2 34. Ne3 Bd6 35. Rc6 Qe5 36. Ngf1 c3 37. Ng4 Qe4 38. Qxe4 Rxe4 39. Nge3 Be5 40. Rc8+ Kh7 41. Rd8 Rd4 0-1

[Event "CCCSA IM Norm B 2019"]
[Site "Charlotte"]
[Date "2019.06.08"]
[Round "6.3"]
[White "Lokander, Martin"]
[Black "Kolay, Alex"]
[Result "1/2-1/2"]
[ECO "D94"]
[WhiteElo "2429"]
[BlackElo "2274"]
[Annotator "ChessBase"]
[PlyCount "55"]
[EventDate "2019.06.05"]
[EventType "tourn"]
[EventCountry "USA"]
[SourceTitle "playchess.com"]
[Source "ChessBase"]
[SourceQuality "1"]
[TimeControl "5400+30"]

1. c4 Nf6 2. Nf3 c6 3. e3 d5 4. Nc3 g6 5. d4 Bg7 6. Be2 O-O 7. O-O dxc4 8. Bxc4 Bg4 9. h3 Bxf3 10. Qxf3 Nbd7 11. Rd1 e5 12. d5 e4 13. Nxe4 Nxe4 14. Qxe4 Nb6 15. Qc2 cxd5 16. Be2 Qf6 17. Rb1 Rac8 18. Qb3 Qc6 19. Bd2 Qa4 20. Qxa4 Nxa4 21. Bb4 Rfd8 22. Rd2 Bf6 23. Bf3 d4 24. exd4 Rxd4 25. Rxd4 Bxd4 26. b3 Nc3 27. Bxc3 Rxc3 28. Rd1 1/2-1/2

[Event "CCCSA IM Norm B 2019"]
[Site "Charlotte"]
[Date "2019.06.08"]
[Round "6.4"]
[White "Zapata, Alonso"]
[Black "Homa, Seth"]
[Result "1-0"]
[ECO "B32"]
[WhiteElo "2427"]
[BlackElo "2300"]
[Annotator "ChessBase"]
[PlyCount "81"]
[EventDate "2019.06.05"]
[EventType "tourn"]
[EventCountry "USA"]
[SourceTitle "playchess.com"]
[Source "ChessBase"]
[SourceQuality "1"]
[TimeControl "5400+30"]

1. e4 c5 2. Nf3 Nc6 3. d4 cxd4 4. Nxd4 e5 5. Nb5 d6 6. c4 Be7 7. N1c3 a6 8. Na3 f5 9. Bd3 f4 10. g3 Nf6 11. gxf4 exf4 12. Bxf4 O-O 13. Bg3 Bh3 14. Bf1 Qd7 15. Nc2 Rae8 16. Ne3 Rf7 17. Qd3 Bf8 18. O-O-O Bxf1 19. Rhxf1 Nb4 20. Qd2 Qc6 21. f3 Qc5 22. Kb1 b5 23. Ncd5 a5 24. Rc1 Nbxd5 25. cxd5 Qa7 26. Nf5 Nh5 27. Qg5 g6 28. Nxd6 Bxd6 29. Bxd6 Qd4 30. Rcd1 Qc4 31. Qc1 Qe2 32. Qc2 Qe3 33. Bc5 Qf4 34. Bd4 Nf6 35. Qc6 Nd7 36. Qxb5 Rb8 37. Qxa5 Ne5 38. Bxe5 Qxe5 39. Rd2 Rfb7 40. Qa3 Rb5 41. Rc1 1-0

[Event "CCCSA IM Norm B 2019"]
[Site "Charlotte"]
[Date "2019.06.08"]
[Round "6.5"]
[White "Mishra, Abhimanyu"]
[Black "Sinha, Sahil"]
[Result "0-1"]
[ECO "B67"]
[WhiteElo "2227"]
[BlackElo "2283"]
[Annotator "NA"]
[PlyCount "90"]
[EventDate "2019.06.05"]
[EventType "tourn"]
[EventCountry "USA"]
[SourceTitle "playchess.com"]
[Source "ChessBase"]
[SourceQuality "1"]
[TimeControl "5400+30"]

1. e4 c5 2. Nf3 d6 3. d4 cxd4 4. Nxd4 Nf6 5. Nc3 Nc6 6. Bg5 e6 7. Qd2 a6 8. O-O-O Bd7 9. f4 b5 10. Bxf6 gxf6 11. Kb1 Qb6 12. Nxc6 Bxc6 13. f5 Qc5 14. Bd3 h5 15. Qe1 b4 16. Nd5 Bxd5 17. exd5 e5 18. Qe2 Ke7 19. h4 a5 20. Bb5 Rg8 21. Bc6 Rb8 22. Rh3 Bh6 23. Rb3 Rg4 24. g3 Rbg8 25. Ba4 Rxg3 26. Rxg3 Rxg3 27. Bb5 Rg4 28. Bc6 Rxh4 29. Rf1 Rf4 30. Rxf4 Bxf4 31. Bb5 Qxd5 32. a4 bxa3 33. bxa3 h4 34. Bc4 Qc5 35. Qe4 Qb6+ 36. Bb3 Kf8 37. Qd5 Qc7 38. Qa8+ Kg7 39. Qf3 Bg5 40. Bd5 Qb6+ 41. Ka2 Qc5 42. c4 Bc1 43. Qc3 Qe3 44. Qxa5 Qe2+ 45. Kb3 Qd1+ 0-1

[Event "CCCSA IM Norm B 2019"]
[Site "Charlotte"]
[Date "2019.06.09"]
[Round "7.2"]
[White "Homa, Seth"]
[Black "Mishra, Abhimanyu"]
[Result "0-1"]
[ECO "D94"]
[WhiteElo "2300"]
[BlackElo "2227"]
[Annotator "RC"]
[PlyCount "82"]
[EventDate "2019.06.05"]
[EventType "tourn"]
[EventCountry "USA"]
[SourceTitle "playchess.com"]
[Source "ChessBase"]
[SourceQuality "1"]
[TimeControl "5400+30"]

1. Nf3 Nf6 2. e3 g6 3. d4 Bg7 4. c4 c6 5. Nc3 d5 6. h3 O-O 7. Bd3 Nbd7 8. cxd5 cxd5 9. Qb3 e6 10. O-O a6 11. a4 b6 12. Bd2 Bb7 13. Rfc1 Ne4 14. Be1 Rc8 15. Rc2 Ndc5 16. dxc5 Nxc5 17. Qa3 Nxd3 18. Rd1 Nxe1 19. Nxe1 Rc6 20. Nf3 Qc7 21. Nd4 Rc4 22. Rcd2 Qc5 23. Qa2 Rc8 24. Rd3 Qb4 25. Nc2 Qe7 26. Nd4 Be5 27. Nde2 Qb4 28. Nd4 h5 29. h4 Bf6 30. g3 Rd8 31. Nc2 Qc5 32. Nd4 Qc7 33. Qb1 e5 34. Nde2 d4 35. exd4 exd4 36. b3 Rxc3 37. Nxc3 dxc3 38. Rxd8+ Bxd8 39. Qd3 Bf6 40. Kf1 Qc6 41. Qe3 Qe4 0-1

[Event "CCCSA IM Norm B 2019"]
[Site "Charlotte"]
[Date "2019.06.09"]
[Round "8.1"]
[White "Francisco, Richard"]
[Black "Kolay, Alex"]
[Result "1-0"]
[ECO "C02"]
[WhiteElo "2226"]
[BlackElo "2274"]
[Annotator "NA"]
[PlyCount "69"]
[EventDate "2019.06.05"]
[EventType "tourn"]
[EventCountry "USA"]
[SourceTitle "playchess.com"]
[Source "ChessBase"]
[SourceQuality "1"]
[TimeControl "5400+30"]

1. e4 e6 2. d4 d5 3. e5 c5 4. c3 Nc6 5. Nf3 Bd7 6. a3 f6 7. Bd3 Qc7 8. O-O O-O-O 9. Re1 c4 10. Bc2 fxe5 11. dxe5 Bc5 12. Nbd2 Nge7 13. b4 cxb3 14. Nxb3 Bb6 15. a4 Na5 16. Nxa5 Bxa5 17. Ba3 Be8 18. Nd4 Qd7 19. Qf3 Bg6 20. Bxg6 hxg6 21. Rab1 Bb6 22. Bd6 Nc6 23. Qg4 Rde8 24. h3 g5 25. Qxg5 Bd8 26. Qe3 Na5 27. Rb5 b6 28. Reb1 Nb7 29. Ba3 Be7 30. Bxe7 Rxe7 31. a5 Nxa5 32. Rxa5 bxa5 33. Qd3 Kc7 34. Qa6 Qc8 35. Qd6# 1-0

[Event "CCCSA IM Norm B 2019"]
[Site "Charlotte"]
[Date "2019.06.09"]
[Round "8.2"]
[White "Lokander, Martin"]
[Black "Dukic, Zachary"]
[Result "0-1"]
[ECO "E90"]
[WhiteElo "2429"]
[BlackElo "2224"]
[Annotator "NA"]
[PlyCount "132"]
[EventDate "2019.06.05"]
[EventType "tourn"]
[EventCountry "USA"]
[SourceTitle "playchess.com"]
[Source "ChessBase"]
[SourceQuality "1"]
[TimeControl "5400+30"]

1. d4 Nf6 2. c4 g6 3. Nc3 Bg7 4. e4 d6 5. h3 O-O 6. Be3 c5 7. Nf3 cxd4 8. Nxd4 b6 9. Qd2 Bb7 10. f3 Nbd7 11. h4 Rc8 12. h5 Nxh5 13. Rh3 Nhf6 14. Bh6 e6 15. Bxg7 Kxg7 16. Ndb5 d5 17. Nd6 Qc7 18. Ncb5 Qb8 19. Nxb7 Qxb7 20. Nd6 Qc6 21. Nxc8 Rxc8 22. exd5 exd5 23. Rh4 Qe6+ 24. Kf2 dxc4 25. Re1 Qf5 26. Bxc4 Ne5 27. Be2 Rc2 28. Qh6+ Kg8 29. Kg1 Ned7 30. b4 Qe5 31. Kf1 Rxa2 32. Bc4 Ra1 33. Rxa1 Qxa1+ 34. Kf2 Ne5 35. Qd2 h5 36. b5 Qb1 37. Rf4 Kg7 38. Qd4 Qc2+ 39. Kg1 g5 40. Qxe5 Qc1+ 41. Bf1 Qxf4 42. Qa1 Qe3+ 43. Kh1 Qe7 44. Bd3 Qd7 45. Bf1 g4 46. Qe5 Qd5 47. Qe3 gxf3 48. gxf3 Ng4 49. Qc3+ Qe5 50. Qd2 Ne3 51. Bd3 Qd4 52. Qe2 h4 53. Be4 Qd1+ 54. Qxd1 Nxd1 55. Kg2 Kf6 56. Bc6 Ne3+ 57. Kh3 Kg5 58. Kh2 Kf4 59. Kh3 Nf5 60. Bd7 Nd4 61. Kxh4 Nxf3+ 62. Kh5 Ne5 63. Be8 f5 64. Kh6 Ke3 65. Kg5 f4 66. Kf5 f3 0-1

[Event "CCCSA IM Norm B 2019"]
[Site "Charlotte"]
[Date "2019.06.09"]
[Round "8.3"]
[White "Zapata, Alonso"]
[Black "Kumar, Nikhil"]
[Result "1-0"]
[ECO "C88"]
[WhiteElo "2427"]
[BlackElo "2257"]
[Annotator "NA"]
[PlyCount "101"]
[EventDate "2019.06.05"]
[EventType "tourn"]
[EventCountry "USA"]
[SourceTitle "playchess.com"]
[Source "ChessBase"]
[SourceQuality "1"]
[TimeControl "5400+30"]

1. e4 e5 2. Nf3 Nc6 3. Bb5 a6 4. Ba4 Nf6 5. O-O Be7 6. Re1 b5 7. Bb3 O-O 8. a4 b4 9. d3 d6 10. a5 Be6 11. Nbd2 Qc8 12. Bc4 Rb8 13. c3 Bxc4 14. Nxc4 bxc3 15. bxc3 Rb5 16. Bd2 Rd8 17. Qa4 Nd7 18. d4 exd4 19. cxd4 Qa8 20. Rac1 Na7 21. Ne3 c6 22. Nf5 Bf8 23. Bf4 Nc8 24. Qa2 Qb7 25. Re2 Re8 26. e5 d5 27. h4 h6 28. g4 Re6 29. h5 Rb3 30. Kg2 Ra3 31. Qc2 Qb3 32. Qxb3 Rxb3 33. Rec2 Na7 34. g5 Kh7 35. gxh6 gxh6 36. Nh2 f6 37. Ng4 fxe5 38. dxe5 Rb4 39. Kg3 c5 40. Rd1 d4 41. Nxd4 Rxd4 42. Rxd4 cxd4 43. Rc7 Re7 44. Rxa7 Nc5 45. Nf6+ Kg7 46. Bxh6+ Kf7 47. Bxf8 Kxf8 48. Ra8+ Kf7 49. h6 Rxe5 50. h7 Rg5+ 51. Kh2 1-0

[Event "CCCSA IM Norm B 2019"]
[Site "Charlotte"]
[Date "2019.06.09"]
[Round "8.4"]
[White "Mishra, Abhimanyu"]
[Black "Ynojosa Aponte, Felix Jose"]
[Result "0-1"]
[ECO "B33"]
[WhiteElo "2227"]
[BlackElo "2386"]
[Annotator "NA"]
[PlyCount "114"]
[EventDate "2019.06.05"]
[EventType "tourn"]
[EventCountry "USA"]
[SourceTitle "playchess.com"]
[Source "ChessBase"]
[SourceQuality "1"]
[TimeControl "5400+30"]

1. e4 c5 2. Nf3 Nc6 3. d4 cxd4 4. Nxd4 e5 5. Nb5 d6 6. N1c3 a6 7. Na3 b5 8. Nd5 Nf6 9. Bg5 Be7 10. Bxf6 Bxf6 11. c3 Bg5 12. Nc2 Rb8 13. Be2 O-O 14. O-O Be6 15. Qd3 Qd7 16. Rfd1 a5 17. Na3 Na7 18. Bf3 g6 19. Ne3 Rfd8 20. Nac2 Kg7 21. g3 h5 22. h4 Bh6 23. Qe2 Nc6 24. Bg2 Ne7 25. b3 Qc7 26. c4 b4 27. Rd3 Qc5 28. Rf1 a4 29. Kh1 axb3 30. axb3 Ra8 31. f4 f6 32. f5 Bf7 33. fxg6 Bxg6 34. Nd5 Ng8 35. Ncxb4 Rdb8 36. Qe1 Ra3 37. Qc3 Bf7 38. Rb1 Rba8 39. Nc2 Ra2 40. Ndb4 R2a7 41. Rbd1 Rd8 42. Ra1 Rxa1+ 43. Qxa1 Kh8 44. Qg1 Qc8 45. Qb6 Bf8 46. c5 Nh6 47. c6 Ng4 48. Rc3 Bh6 49. Nd5 Bxd5 50. exd5 Bd2 51. Rc4 Rg8 52. Qg1 f5 53. Qf1 f4 54. gxf4 Qd8 55. Qf3 Qxh4+ 56. Bh3 Nf2+ 57. Kh2 Nxh3 0-1

[Event "CCCSA IM Norm B 2019"]
[Site "Charlotte"]
[Date "2019.06.09"]
[Round "8.5"]
[White "Sinha, Sahil"]
[Black "Homa, Seth"]
[Result "0-1"]
[ECO "D45"]
[WhiteElo "2283"]
[BlackElo "2300"]
[Annotator "NA"]
[PlyCount "74"]
[EventDate "2019.06.05"]
[EventType "tourn"]
[EventCountry "USA"]
[SourceTitle "playchess.com"]
[Source "ChessBase"]
[SourceQuality "1"]
[TimeControl "5400+30"]

1. d4 Nf6 2. c4 e6 3. Nc3 d5 4. Nf3 c6 5. e3 Nbd7 6. Qc2 Bd6 7. b3 O-O 8. Be2 b6 9. O-O Bb7 10. Bb2 Qe7 11. Rad1 Rad8 12. h3 Rfe8 13. e4 Nxe4 14. Nxe4 dxe4 15. Qxe4 f5 16. Qe3 c5 17. Ne5 Nf6 18. Bf3 Ne4 19. Bxe4 fxe4 20. Rfe1 Rf8 21. Ng4 cxd4 22. Bxd4 e5 23. Bc3 h5 24. Rxd6 Rxd6 25. Nxe5 Re6 26. Nf3 Rg6 27. Ne5 Rg5 28. Nd3 Rf7 29. f4 exf3 30. Qxe7 f2+ 31. Nxf2 Rxg2+ 32. Kh1 Rgxf2+ 33. Kg1 Rg2+ 34. Kh1 Rxa2+ 35. Kg1 Rg2+ 36. Kh1 Re2+ 37. Qxb7 Rxe1+ 0-1

[Event "CCCSA IM Norm B 2019"]
[Site "Charlotte"]
[Date "2019.06.10"]
[Round "9.1"]
[White "Dukic, Zachary"]
[Black "Francisco, Richard"]
[Result "1/2-1/2"]
[ECO "B35"]
[WhiteElo "2224"]
[BlackElo "2226"]
[Annotator "ChessBase"]
[PlyCount "97"]
[EventDate "2019.06.05"]
[EventType "tourn"]
[EventCountry "USA"]
[SourceTitle "playchess.com"]
[Source "ChessBase"]
[SourceQuality "1"]
[TimeControl "5400+30"]

1. e4 c5 2. Nf3 Nc6 3. d4 cxd4 4. Nxd4 g6 5. Nc3 Bg7 6. Be3 Nf6 7. Bc4 O-O 8. Bb3 Re8 9. Nxc6 dxc6 10. Qxd8 Rxd8 11. a4 Ng4 12. Bg5 h6 13. Bxe7 Re8 14. Ba3 Bxc3+ 15. bxc3 Rxe4+ 16. Kf1 Bf5 17. h3 Nf6 18. f3 Ree8 19. Kf2 Nd5 20. g4 Be6 21. c4 Nb6 22. Rhe1 a5 23. Bc5 Nd7 24. Be3 Kh7 25. c5 Bxb3 26. cxb3 Nf6 27. Bd2 Rxe1 28. Rxe1 Nd5 29. h4 Kg7 30. f4 f5 31. gxf5 gxf5 32. Re6 Kf7 33. Rd6 Nf6 34. Ke3 Re8+ 35. Kd3 Ne4 36. Rd4 Nxc5+ 37. Kc4 b6 38. Bxa5 Nxb3 39. Kxb3 bxa5 40. Kc4 Re4 41. Rxe4 fxe4 42. Kd4 Kf6 43. Kxe4 h5 44. Kd4 Kf5 45. Kc5 Kg4 46. f5 Kxf5 47. Kb6 Kg4 48. Kxa5 Kxh4 49. Kb6 1/2-1/2

[Event "CCCSA IM Norm B 2019"]
[Site "Charlotte"]
[Date "2019.06.10"]
[Round "9.3"]
[White "Kumar, Nikhil"]
[Black "Mishra, Abhimanyu"]
[Result "0-1"]
[ECO "D83"]
[WhiteElo "2257"]
[BlackElo "2227"]
[Annotator "ChessBase"]
[PlyCount "184"]
[EventDate "2019.06.05"]
[EventType "tourn"]
[EventCountry "USA"]
[SourceTitle "playchess.com"]
[Source "ChessBase"]
[SourceQuality "1"]
[TimeControl "5400+30"]

1. d4 Nf6 2. c4 g6 3. Nc3 d5 4. Bf4 Bg7 5. e3 c6 6. Rc1 O-O 7. c5 Re8 8. Be2 Nfd7 9. Nf3 e5 10. Nxe5 Nxe5 11. Bxe5 Bxe5 12. dxe5 Rxe5 13. O-O Qe7 14. b4 Nd7 15. Qd4 Nf6 16. Rfd1 Bf5 17. Rd2 Re8 18. Rb2 Ne4 19. Nd1 h5 20. b5 Bd7 21. a4 Rc8 22. b6 a6 23. f3 Nf6 24. Rc3 Re8 25. Qb4 Bc8 26. Qd4 g5 27. Bd3 Bf5 28. Bxf5 Rxf5 29. Rf2 Re5 30. Re2 Qe6 31. Nf2 Qf5 32. h3 g4 33. Nd3 R5e7 34. fxg4 Qg5 35. Rf2 Ne4 36. Rf5 Qg7 37. Rc2 hxg4 38. Qxg7+ Kxg7 39. hxg4 f6 40. Nf4 Ng3 41. Nh5+ Nxh5 42. gxh5 Rxe3 43. Rcf2 R3e6 44. R2f3 Rd8 45. R5f4 Rd7 46. h6+ Kg6 47. Rh4 Kh7 48. Rg3 f5 49. Rh5 Rxh6 50. Rxf5 Rg6 51. Rh5+ Kg7 52. Rgh3 Kf6 53. Rh8 Rdg7 54. Rf3+ Ke5 55. Rf2 Rg4 56. Rh3 Rxa4 57. Re2+ Re4 58. Rd2 Reg4 59. Re3+ Re4 60. Rh3 a5 61. Rh5+ Ke6 62. Rh6+ Ke7 63. Rh8 Rc4 64. Rc8 Kf6 65. Rc7 Re4 66. Rf2+ Kg6 67. Rf3 Ree7 68. Rc8 Rgf7 69. Ra8 Rxf3 70. gxf3 d4 71. Rxa5 d3 72. Kf2 d2 73. Ra1 Re5 74. Rd1 Rxc5 75. Rxd2 Rb5 76. Kg3 Kf5 77. Rd8 Rxb6 78. Rf8+ Ke5 79. Kg4 Rb1 80. f4+ Ke6 81. Re8+ Kd5 82. f5 Rf1 83. Rd8+ Kc4 84. Re8 b5 85. Re4+ Kd5 86. Re8 b4 87. Kg5 b3 88. Rb8 Kc4 89. f6 c5 90. Kg6 Kc3 91. f7 b2 92. Kg7 c4 0-1